 Dungeon Crawl Stone Soup version 0.30-b1-2-g02819fbbbe (webtiles) character file.

Game seed: 2150980785465279220

9986 nightchill the Slicer (level 11, -5/72 HPs)
             Began as a Vine Stalker Fighter on Jan 8, 2024.
             Was a High Priest of Elyvilon.
             Slain by a demonic crawler (6 damage)
             ... on level 1 of the Lair of Beasts.
             The game lasted 00:31:45 (8106 turns).

nightchill the Slicer (Vine Stalker Fighter)        Turns: 8106, Time: 00:31:45

Health: -5/72      AC: 14    Str: 18    XL:     11   Next: 55%
Magic:  0/21       EV:  9    Int:  8    God:    Elyvilon [*****.]
Gold:   420        SH:  7    Dex: 19    Spells: 10/10 levels left

rFire   + . .        u - +1 dagger (venom)
rCold   . . .        S - +2 buckler
rNeg    . . .        b - +1 scale mail {rF+}
rPois   .            y - +0 helmet
rElec   .            B - +0 cloak
rCorr   .            N - +0 pair of gloves
SInv    .            O - +1 pair of boots
Will    +....        (no amulet) Stlth
                     g - +4 ring of slaying
HPRegen 1.12/turn    C - +4 ring of slaying
MPRegen 0.17/turn

%: guardian spirit
@: divinely vigorous
A: fangs 3, regeneration 1, magic shield, antimagic bite, no potion heal 2
a: Renounce Religion, Purification, Heal Other, Heal Self, Divine Vigour


You were on level 1 of the Lair of Beasts.
You worshipped Elyvilon.
Elyvilon was extremely pleased with you.
You visited 2 branches of the dungeon, and saw 10 of its levels.
You also visited: Sewer and Bailey.

You collected 420 gold pieces.

Inventory:

Hand Weapons
 a - a +0 rapier
 u - a +1 dagger of venom (weapon)
 w - a +0 short sword of holy wrath
 K - a +1 dagger of freezing
 P - a +1 falchion of flaming
Missiles
 J - 2 curare-tipped darts (quivered)
Armour
 b - a +1 scale mail of fire resistance (worn)
 l - a +0 kite shield
 o - the +0 pair of gloves "Doloj" {Fly Regen+ Dex-4 Stlth-}
   (You found it on level 3 of the Dungeon)

   Dex:       It affects your dexterity (-4).
   Fly:       It grants you flight.
   Regen:     It increases your rate of health regeneration.
   Stlth:     It makes you less stealthy.
 y - a +0 helmet (worn)
 B - a +0 cloak (worn)
 N - a +0 pair of gloves (worn)
 O - a +1 pair of boots (worn)
 S - a +2 buckler (worn)
Jewellery
 g - a +4 ring of slaying (left hand)
 j - a ring of resist corrosion
 k - the ring "Cubbaps" {Wiz rC+ Int+2 Dex+3 Stlth+}
   (You found it on level 2 of the Dungeon)

   [ring of wizardry]

   It improves your spell success rate.
   Int:       It affects your intelligence (+2).
   Dex:       It affects your dexterity (+3).
   rC:        It protects you from cold.
   Stlth:     It makes you more stealthy.
 m - a ring of flight
 n - a +5 ring of evasion
 C - a +4 ring of slaying (right hand)
 R - a ring of see invisible
Wands
 p - a wand of flame (13)
 A - a wand of roots (2)
 T - a wand of quicksilver (3)
Scrolls
 c - 3 scrolls of immolation {unknown}
 h - 2 scrolls of torment {unknown}
 q - a scroll of teleportation {unknown}
 v - 3 scrolls of enchant weapon
 x - 2 scrolls of enchant armour {unknown}
 z - a scroll of identify
 D - 2 scrolls of fear {unknown}
 F - a scroll of magic mapping {unknown}
 I - a scroll of poison {unknown}
 M - 2 scrolls of noise {unknown}
 Q - 2 scrolls of blinking {unknown}
 U - a scroll of acquirement {unknown}
Potions
 e - 3 potions of lignification
 f - 2 potions of degeneration
 i - a potion of mutation
 r - 7 potions of curing
 s - 2 potions of heal wounds
 t - 5 potions of brilliance
 E - 2 potions of attraction {unknown}
 G - 2 potions of flight
 H - 2 potions of invisibility {unknown}
 L - 4 potions of haste {unknown}


   Skills:
 + Level 8.7 Fighting
 - Level 10.0 Short Blades
 * Level 6.4 Armour
 - Level 2.6 Shields
 + Level 8.8 Invocations


You had 10 spell levels left.
You didn't know any spells.
Your spell library contained the following spells:

 Spells                   Type           Power      Damage    Failure   Level
 Ensorcelled Hibernation  Hex/Ice        0%         N/A       94%         2
 Sublimation of Blood     Necr           0%         N/A       94%         2
 Spider Form              Tmut/Pois      0%         N/A       99%         3
 Volatile Blastmotes      Fire/Tloc      0%         2d10      99%         3
 Anguish                  Hex/Necr       0%         N/A       100%        4
 Animate Armour           Summ/Erth      0%         N/A       100%        4
 Fulminant Prism          Conj/Hex       0%         3d5       100%        4
 Iskenderun's Mystic Bla  Conj/Tloc      0%         2d3       100%        4
 Leda's Liquefaction      Hex/Erth       0%         N/A       100%        4
 Manifold Assault         Tloc           0%         N/A       100%        4
 Petrify                  Tmut/Erth      0%         N/A       100%        4
 Sticky Flame             Conj/Fire      0%         2d3       100%        4
 Borgnjor's Vile Clutch   Necr/Erth      0%         N/A       100%        5
 Irradiate                Conj/Tmut      0%         3d11      100%        5
 Lee's Rapid Deconstruct  Erth           0%         3d4*      100%        5
 Summon Forest            Summ/Tloc      0%         N/A       100%        5


Dungeon Overview and Level Annotations

Branches:
Dungeon (9/15)             Temple (0/1) D:6            Lair (1/5) D:9
    Orc (0/2) D:9           Sewer (visited)          Bailey (visited)

Altars:
Ashenzari
Elyvilon
Gozag
Kikubaaqudgha
Makhleb
Okawaru
Trog
Uskayaw
Zin

Annotations:
D:7 exclusion: downstairs


Innate Abilities, Weirdness & Mutations

You have razor-sharp teeth.
Your natural rate of healing is unusually fast.
When hurt, damage is shared between your health and your magic reserves.
Your bite disrupts and absorbs the magic of your enemies.
Potions cannot restore your health.


Message History

The black mamba attacks as you move away!
You block the black mamba's attack. The black mamba bites you.
* * * LOW HITPOINT WARNING * * *
You are poisoned.
The black mamba poisons you!
You puncture the black mamba!
The black mamba is poisoned.
The black mamba is moderately wounded.
You feel sick.
The demonic crawler hits you but does no damage. x2
The demonic crawler hits you.
* * * LOW HITPOINT WARNING * * *
The black mamba bites you but does no damage.
You hit the black mamba but do no damage.
You bite the black mamba. You drain its power.
You feel invigorated.
The black mamba is heavily wounded.
You feel sick. You block the black mamba's attack.
You block the demonic crawler's attack. The demonic crawler hits you.
* * * LOW HITPOINT WARNING * * *
The demonic crawler hits you but does no damage.
You puncture the black mamba!
The black mamba looks as sick as possible!
Your bite misses the black mamba.
The black mamba is severely wounded.
You feel sick. The black mamba bites you.
You are lethally poisoned!
The black mamba poisons you!
Your system rejects the healing.
You feel better. You block the demonic crawler's attack.
The demonic crawler hits you!
* * * LOW HITPOINT WARNING * * *
You block the demonic crawler's attack. The black mamba closely misses you.
The demonic crawler hits you! Elyvilon protects you from harm!
The demonic crawler barely misses you. x2
The black mamba bites you but does no damage.
You puncture the black mamba!
You kill the black mamba!
The demonic crawler attacks as you move away!
The demonic crawler hits you but does no damage.
You block the demonic crawler's attack. The demonic crawler hits you.
You die...

#.......~~~#~~
#.#.##...~~~~~
###.##...~~~#~
#.#.##...~~≈###
##.......#~~~~# #######
##.....!...##~~
......####.............~~
...........s.......##...
#...# #....#..@.w....###
.. #...# #..............#
#...# #.............##
#...# #....#......###
#...####....#.....##
#...##......##....#
#...................
#....................
#[#..................


You could see a demonic crawler (poisoned) and a swamp worm.

Vanquished Creatures
  Erica (D:8)
  Pikel (D:8)
  A black mamba (Lair:1)
  2 cane toads (Lair:1)
  A hornet (D:9)
  Prince Ribbit (D:7)
  Sigmund (D:3)
  15 yaks
  A steam dragon (Lair:1)
  Menkaure (D:5)
  Edmund (D:4)
  3 wargs (D:9)
  4 water moccasins
  7 orc warriors
  2 sky beasts
  2 ice beasts
  5 ogres
  A centaur (D:7)
  A phantom (D:5)
  2 kobold brigands (Sewer)
  A lemure (D:8)
  3 bullfrogs
  2 gnoll sergeants (D:8)
  2 scorpions
  5 wights
  8 killer bees
  3 hounds
  9 orc priests
  3 jellies
  A sleepcap (D:4)
  4 iguanas
  18 orc wizards
  7 gnolls (D:8)
  8 adders
  A shadow imp (D:7)
  3 white imps (D:6)
  2 ufetubi
  2 worms
  3 dart slugs (D:3)
  76 orcs
  11 ball pythons
  8 bats
  10 endoplasms
  2 giant cockroaches
  16 goblins
  8 hobgoblins
  4 jackals
  5 quokkas
  3 frilled lizards
  13 kobolds
  10 rats
304 creatures vanquished.

Vanquished Creatures (others)
  4 plants (Lair:1)
4 creatures vanquished.

Grand Total: 308 creatures vanquished

Notes
Turn   | Place    | Note
-------+----------+-------------------------------------------
     0 | D:1      | nightchill the Vine Stalker Fighter began the quest for the
                  | Orb.
     0 | D:1      | Reached XP level 1. HP: 11/11 MP: 2/2
    60 | D:1      | Reached skill level 2 in Short Blades
   132 | D:1      | Reached XP level 2. HP: 16/16 MP: 3/3
   829 | D:2      | Reached XP level 3. HP: 20/20 MP: 4/4
   843 | D:2      | Found a white marble altar of Elyvilon.
   852 | D:2      | Became a worshipper of Elyvilon the Healer
   972 | D:2      | Identified the ring "Cubbaps" {Wiz rC+ Int+2 Dex+3 Stlth+}
  1074 | D:2      | Reached skill level 3 in Short Blades
  1155 | D:2      | Gained mutation: Your natural rate of healing is unusually
                  | fast. [Vine Stalker growth]
  1155 | D:2      | Reached XP level 4. HP: 24/24 MP: 5/5
  1177 | D:2      | Reached skill level 1 in Invocations
  1197 | D:2      | Got Ekeliu's Precepts of Malignant Mysteries and the
                  | Wayfarer
  1388 | D:2      | Reached * piety under Elyvilon
  1557 | D:3      | Identified the +0 pair of gloves "Doloj" {Fly Regen+ Dex-4
                  | Stlth-}
  1613 | D:3      | Noticed Sigmund
  1620 | D:3      | Killed Sigmund
  1621 | D:3      | Reached skill level 4 in Short Blades
  1621 | D:3      | Reached XP level 5. HP: 29/29 MP: 5/7
  1621 | D:3      | Reached XP level 6. HP: 33/33 MP: 5/8
  2039 | D:3      | Found an opulent altar of Gozag.
  2223 | D:4      | Reached ** piety under Elyvilon
  2368 | D:4      | Found an iron altar of Okawaru.
  2821 | D:4      | Reached skill level 5 in Short Blades
  2821 | D:4      | Reached XP level 7. HP: 35/37 MP: 6/10
  2896 | D:4      | Noticed Edmund
  2927 | D:4      | Killed Edmund
  2998 | D:4      | Reached *** piety under Elyvilon
  3238 | D:5      | Entered Level 5 of the Dungeon
  3303 | D:5      | Noticed Menkaure
  3325 | D:5      | Killed Menkaure
  3393 | D:5      | Reached skill level 6 in Short Blades
  3393 | D:5      | Gained mutation: You have razor-sharp teeth. [Vine Stalker
                  | growth]
  3393 | D:5      | Reached XP level 8. HP: 42/42 MP: 11/11
  3457 | D:5      | Reached skill level 5 in Fighting
  4097 | D:6      | Found a glowing silver altar of Zin.
  4108 | D:5      | Reached skill level 7 in Short Blades
  4125 | D:6      | Reached skill level 5 in Invocations
  4175 | D:6      | Reached XP level 9. HP: 48/48 MP: 13/13
  4181 | D:6      | Found a glowing drain.
  4215 | Sewer    | Entered a sewer
  4610 | D:6      | Reached skill level 8 in Short Blades
  4735 | D:6      | Reached **** piety under Elyvilon
  4821 | D:6      | Found a staircase to the Ecumenical Temple.
  5266 | D:7      | Found a burning altar of Makhleb.
  5313 | D:7      | Got the Notes on the Stony Bonfire
  5324 | D:7      | Identified the +3 war axe of Aberuet {chaos, *Rage Will+
                  | Dex+4}
  5424 | D:7      | Noticed Prince Ribbit
  5434 | D:7      | Killed Prince Ribbit
  5435 | D:7      | Reached skill level 9 in Short Blades
  5557 | D:7      | Found a bloodstained altar of Trog.
  5612 | D:7      | Found a flagged portal.
  5624 | Bailey   | Entered a bailey
  5710 | D:7      | Reached ***** piety under Elyvilon
  6308 | D:8      | Reached XP level 10. HP: 53/53 MP: 15/15
  6443 | D:8      | Noticed Pikel
  6456 | D:8      | Killed Pikel
  6749 | D:8      | Found an ancient bone altar of Kikubaaqudgha.
  6823 | D:8      | Reached skill level 10 in Short Blades
  7094 | D:9      | Identified the +2 robe of the End {Dex+4}
  7096 | D:9      | Noticed Erica
  7121 | D:8      | Killed Erica
  7204 | D:8      | Reached XP level 11. HP: 58/60 MP: 16/18
  7249 | D:9      | Reached skill level 5 in Armour
  7340 | D:9      | Found a staircase to the Orcish Mines.
  7587 | D:9      | Found a broken altar of Ashenzari.
  7612 | D:9      | Found a hide-covered altar of Uskayaw.
  7662 | D:9      | Found a staircase to the Lair.
  7795 | D:9      | Noticed a +0 hand axe
  7795 | D:9      | Noticed a +0 dagger
  7875 | Lair:1   | Entered Level 1 of the Lair of Beasts
  8086 | Lair:1   | HP: 2/72 [demonic crawler (3)]
  8090 | Lair:1   | Elyvilon protects you from harm!
  8104 | Lair:1   | HP: 1/72 [demonic crawler (7)]
  8104 | Lair:1   | Elyvilon protects you from harm!
  8106 | Lair:1   | Slain by a demonic crawler

Illustrated notes

Levels and vault maps discovered:
D:1:      saegor_arrival_simple_b, layout_loops_cross,
          minmay_misc_feat_secret_circle
D:2:      layout_basic, basic_altar, minmay_3d_cube
D:3:      layout_loops_ring, nicolae_overflow_crystal_walls,
          reono_crystal_passage, minmay_vboxes, uniq_sigmund
D:4:      layout_loops_corners, nicolae_overflow_hidden_temple, uniq_edmund
D:5:      layout_basic, uniq_menkaure
D:6:      layout_basic, lemuel_crystal_altar, minmay_temple_entry_poolview,
          portal_sewer_entry_a, kennysheep_generic_room_2
D:7:      layout_gridville, makhleb_heckhound_becter, trog_hazing_becter,
          enter_bailey_3, uniq_prince_ribbit1
D:8:      layout_loops_ring, old_standard_altar, uniq_pikel
D:9:      layout_cave_pools, ashenzari_altar_1, dancing_weapons_uskayaw,
          erik_lair_orcish_takeover, hiddenorc2_lemuel, uniq_erica
Lair:1:   layout_gridlike, worms_lemuel

Skill      XL: |  1  2  3  4  5  6  7  8  9 10 11 |
---------------+----------------------------------+-----
Short Blades   | 2 3 4 5 6 7 9 10 | 10.0
Fighting       | 3 4 5 6 8 |  8.7
Invocations    | 2 3 5 6 8 |  8.8
Armour         | 4 6 |  6.4
Shields        | |  2.6

Action                     |  1- 3 |  4- 6 |  7- 9 | 10-12 || total
---------------------------+-------+-------+-------+-------++-------
  Melee: Rapier            |    81 |    50 |       |   276 ||   407
         Bite              |    18 |    19 |   116 |   125 ||   278
         Dagger            |       |    56 |   303 |    19 ||   378
         Short sword       |       |       |     6 |     8 ||    14
 Invoke: Heal Self         |       |       |       |     3 ||     3
         Divine Vigour     |       |       |       |     1 ||     1
  Evoke: Wand              |       |       |       |     1 ||     1
    Use: Potion            |       |     1 |     1 |     3 ||     5
         Scroll            |       |       |     5 |     4 ||     9
 Armour: Scale mail        |    14 |    25 |     6 |    90 ||   135
         Skin              |       |       |     2 |       ||     2
         Chain mail        |       |       |   103 |    31 ||   134
  Dodge: Dodged            |    46 |    53 |    82 |    76 ||   257
  Block: Buckler           |    12 |    17 |    48 |    73 ||   150
